 Dungeon Crawl Stone Soup version 0.22-a0-479-gc6e99f3 (webtiles) character file.

174141 Slunt the Warrior (level 17, -2/158 HPs)
             Began as a Demonspawn Abyssal Knight on June 14, 2018.
             Was the Champion of Lugonu.
             Slain by a spark wasp (15 damage)
             ... on level 4 of the Spider Nest on June 15, 2018.
             The game lasted 01:43:59 (39114 turns).

Slunt the Warrior (Demonspawn Abyssal Knight)      Turns: 39114, Time: 01:44:00

Health: -2/158     AC: 15    Str: 21    XL:     17   Next: 19%
Magic:  0/32       EV: 16    Int: 15    God:    Lugonu [******]
Gold:   432        SH:  0    Dex: 11    Spells: 3/20 levels left

rFire    . . .     SeeInvis +   A - +4 dire flail (distort)
rCold    . . .     Gourm    .   (shield currently unavailable)
rNeg     . . .     Faith    .   L - +1 troll leather armour {Snorg}
rPois    +         Spirit   +   (helmet unavailable)
rElec    .         Reflect  .   u - +2 cloak
rCorr    +         Harm     .   (no gloves)
MR       ++...     Rnd*Rage +   a - +2 pair of boots
Stlth    +++.......             k - amulet "Parutuol" {Spirit Str+5}
HPRegen  0.76/turn              g - ring "Deck" {rCorr rPois MP+9 Dex-4 SInv}
MPRegen  0.23/turn              i - ring of flight

@: studying Evocations
A: horns 3, repulsion field 2, berserk 1, magic resistance 1, nightstalker 2,
robust 1, shaggy fur 1, spiny 2, wild magic 1
}: 1/15 runes: decaying
a: Depart the Abyss, Bend Space, Banish, Corrupt, Enter the Abyss, Renounce
Religion, Evoke Flight


You were on level 4 of the Spider Nest.
You worshipped Lugonu.
Lugonu was exalted by your worship.
You were not hungry.

You visited 5 branches of the dungeon, and saw 31 of its levels.
You visited the Abyss 1 time.
You also visited: Ossuary, Bailey and Ice Cave.

You collected 2603 gold pieces.
You spent 2171 gold pieces at shops.

Inventory:

Hand Weapons
 b - a +0 arbalest
 h - the +10 dark maul {crush}
   (You found it on level 11 of the Dungeon)

   It inflicts extra damage upon your enemies.
 s - a +0 hand crossbow of freezing
 A - a +4 dire flail of distortion (weapon)
Missiles
 e - 118 bolts
 q - 30 tomahawks (quivered)
Armour
 a - a +2 pair of boots (worn)
 d - the +10 ring mail "Fiat" {*Slow Slay+3 SInv}
   (You found it on level 4 of the Swamp)

   It affects your accuracy and damage with ranged weapons and melee attacks
   (+3).
   It lets you see invisible.
   It may slow you when you take damage.
 u - a +2 cloak (worn)
 y - the +1 crystal plate armour of Shielding {Int+3}
   (You acquired it in an ice cave)

   It affects your intelligence (+3).
 J - the +8 chain mail of Oppyaw {rPois MR- Str+7}
   (You found it in an ice cave)

   It affects your strength (+7).
   It protects you from poison.
   It affects your resistance to hostile enchantments.
 L - a +1 troll leather armour (worn) {Snorg}
Jewellery
 g - the ring "Deck" (left hand) {rCorr rPois MP+9 Dex-4 SInv}
   (You acquired it on level 6 of the Lair of Beasts)

   [ring of resist corrosion]

   It affects your dexterity (-4).
   It protects you from poison.
   It affects your magic capacity (+9).
   It lets you see invisible.
 i - a ring of flight (right hand)
 k - the amulet "Parutuol" (around neck) {Spirit Str+5}
   (You found it on level 7 of the Dungeon)

   [amulet of guardian spirit]

   It causes incoming damage to be split between your health and magic.
   It affects your strength (+5).
 l - an uncursed ring of ice
 m - an uncursed ring of magical power
Wands
 j - a wand of digging (22)
 p - a wand of disintegration (22)
 v - a wand of flame (71)
 C - a wand of iceblast (20)
 D - a wand of scattershot (8)
Scrolls
 o - 7 scrolls of remove curse
 r - 8 scrolls of teleportation
 x - 3 scrolls of fear
 F - 3 scrolls of blinking
 H - 3 scrolls of magic mapping
 I - 5 scrolls of identify
 K - a scroll of silence
 Q - 2 scrolls of fog
Potions
 n - a potion of might
 t - 3 potions of magic
 w - 2 potions of curing
 B - 3 potions of flight
Books
 G - a manual of Evocations
Miscellaneous
 E - a lamp of fire
 M - a fan of gales
Comestibles
 c - 34 rations


   Skills:
 * Level 16.1 Fighting
 - Level 15.6 Maces & Flails
 - Level 10.7 Crossbows
 - Level 14.1 Armour
 - Level 3.6 Dodging
 - Level 2.0 Spellcasting
 - Level 0.6 Summonings
 - Level 8.6 Invocations


You had 3 spell levels left.
You knew the following spells:

 Your Spells              Type           Power        Failure   Level  Hunger
a - Blink                 Tloc           N/A          45%         2    ###....
b - Passwall              Tmut/Erth      #.......     45%         2    ###....
c - Lee's Rapid Deconstr  Erth           #.........   100%        5    ######.
d - Call Imp              Summ           #.......     36%         2    ###....
e - Summon Butterflies    Summ           #.......     26%         1    #......
f - Summon Demon          Summ           #.........   99%         5    ######.

Your spell library contained the following spells:

 Spells                   Type           Power        Failure   Level  Hunger
 Cause Fear               Hex            #.........   96%         4    #####..
 Magic Dart               Conj           #...         32%         1    #......
 Fireball                 Conj/Fire      #.........   100%        5    ######.
 Conjure Flame            Conj/Fire      #.......     67%         3    ###....
 Bolt of Fire             Conj/Fire      #.........   100%        6    #######
 Lightning Bolt           Conj/Air       #.........   100%        5    ######.
 Slow                     Hex            #.......     45%         2    ###....
 Mephitic Cloud           Conj/Pois/Air  #.......     67%         3    ###....
 Ring of Flames           Chrm/Fire      #.........   100%        7    #######
 Animate Dead             Necr           N/A          96%         4    #####..
 Summon Ice Beast         Ice/Summ       #.......     95%         4    #####..
 Stone Arrow              Conj/Erth      #.....       67%         3    ###....
 Shock                    Conj/Air       #...         32%         1    #......
 Swiftness                Chrm/Air       #.......     45%         2    ###....
 Recall                   Summ/Tloc      N/A          63%         3    ###....
 Spider Form              Tmut/Pois      #.........   67%         3    ###....
 Blade Hands              Tmut           #.........   100%        5    ######.
 Statue Form              Tmut/Erth      #........    100%        6    #######
 Ice Form                 Ice/Tmut       #.......     96%         4    #####..
 Dragon Form              Tmut           #.........   100%        7    #######
 Death Channel            Necr           #.........   100%        6    #######
 Deflect Missiles         Chrm/Air       #.........   100%        6    #######
 Airstrike                Air            #.........   96%         4    #####..
 Shadow Creatures         Summ           N/A          100%        6    #######
 Ignite Poison            Fire/Tmut/Pois #.......     67%         3    ###....
 Sticks to Snakes         Tmut           #.......     45%         2    ###....
 Call Canine Familiar     Summ           #.......     58%         3    ###....
 Silence                  Hex/Air        #.........   100%        5    ######.
 Static Discharge         Conj/Air       #.......     67%         3    ###....
 Sandblast                Erth           #.....       32%         1    #......
 Simulacrum               Ice/Necr       #.........   100%        6    #######
 Petrify                  Tmut/Erth      #.......     96%         4    #####..
 Summon Hydra             Summ           #.........   100%        7    #######
 Aura of Abjuration       Summ           #.........   99%         5    ######.
 Beastly Appendage        Tmut           #.....       32%         1    #......
 Discord                  Hex            #.........   100%        8    #######
 Summon Forest            Summ/Tloc      #.........   100%        5    ######.
 Summon Mana Viper        Hex/Summ       #.......     100%        5    ######.
 Hydra Form               Tmut           #.........   100%        6    #######
 Irradiate                Conj/Tmut      #.........   100%        5    ######.
 Yara's Violent Unravell  Hex/Tmut       #.........   100%        5    ######.
 Ignition                 Fire           #.........   100%        8    #######
 Borgnjor's Vile Clutch   Necr/Erth      #.........   100%        5    ######.


Dungeon Overview and Level Annotations

Branches:
Dungeon (15/15)            Temple (0/1) D:6            Lair (6/6) D:11
  Swamp (4/4) Lair:2       Spider (4/4) Lair:2        Slime (0/5) Lair:5
    Orc (2/2) D:11            Elf (0/3) Orc:2        Vaults (0/5) D:13
 Depths (0/5) D:15

Altars:
Ashenzari
Dithmenos
Elyvilon
Makhleb
Nemelex Xobeh
Okawaru
Qazlal
Sif Muna
Xom
Yredelemnul
Zin
The Shining One
Beogh
Jiyva

Shops:
D:5 !   D:8 ?   D:12 !   Orc:1 }   Orc:2 :[?!:   Swamp:3 *

Annotations:
D:9 1 transporter, ThereIsNoGod's ghost, novice DrTm
D:11 corrupted
Lair:3 gastronok in lower right hand, Gastronok
Lair:4 STACK TOP LEFT, exclusion: oklob plant
Lair:6 corrupted
Spider:1 Nikola
Spider:2 Arachne
Spider:4 exclusion: Roxanne, Roxanne
Orc:1 corrupted
Orc:2 corrupted


Innate Abilities, Weirdness & Mutations

You have a pair of large horns on your head.
You are surrounded by a moderate repulsion field. (EV +3)
You are significantly more attuned to the shadows.
You are mostly covered in sharp spines.
You tend to lose your temper in combat.
You are resistant to hostile enchantments. (MR+)
You are robust. (+10% HP)
You are covered in fur. (AC +1)
Your spells are a little harder to cast, but a little more powerful.


Message History

* * * LOW HITPOINT WARNING * * *
The spark wasp closely misses you.
You feel much better.
Your hearing returns.
The spark wasp barely misses you.
You're too confused!
Unknown command.
A redback comes into view.
The spark wasp is struck by your spines.
The spark wasp stings you!
* * * LOW HITPOINT WARNING * * *
The spark wasp shocks you!
* * * LOW HITPOINT WARNING * * *
The wolf spider hisses angrily.
The orb spider weaves a glowing orb of energy.
An orb of destruction comes into view.
You feel better. The spark wasp stings you!!
* * * LOW HITPOINT WARNING * * *
The spark wasp shocks you!
You die...

##^.^..^#
##.#.....[#
###..#...^.^#
#####^...#..^^^≈#
#........#.....^#
#.......^#^.s†^s# .
##^.....^#s....^#..
#.........*.y.s≈≈.
#.....^^....@s^...
#......#.....^#...
#
#.....^#......#...
## #≈....^#^.....#
.. .##
#....^.#^....^# #^#
#≈....≈#.....## ..#
#.....^#.....# #.#
#≈.....#^....# ..#
##....^#^†..^# ...


You could see a spark wasp, a wolf spider, 3 orb spiders and a redback.

Vanquished Creatures
  Saint Roka (Orc:2)
  Donald (Swamp:1)
  An orc warlord (Orc:1)
  An entropy weaver (Spider:2)
  A very ugly thing (Swamp:3)
  2 spark wasps
  An ettin (D:15)
  3 fire dragons
  Erolcha (D:9)
  13 hydras
  4 centaur warriors
  8 alligators
  16 two-headed ogres
  A death knight (D:12)
  A tengu warrior (D:15)
  3 orc high priests
  Sonja (D:11)
  A skeletal warrior (D:12)
  A deep troll (D:15)
  9 swamp dragons
  2 unseen horrors
  A shambling mangrove (Swamp:4)
  3 lindwurms
  A wolf spider zombie (D:13)
  A wizard (D:15)
  2 orc knights
  2 necromancers
  2 orc sorcerers (Orc:2)
  13 wolf spiders
  9 orb spiders
  A deep elf mage (D:12)
  3 moths of wrath
  3 ugly things
  13 elephants
  3 manticores
  2 cyclopes
  3 ice statues (IceCv)
  11 black mambas
  2 molten gargoyles (Lair:6)
  2 gargoyles
  5 centaur skeletons
  Psyche (D:11)
  3 rime drakes
  13 spiny frogs
  12 komodo dragons
  9 ice devils (IceCv)
  3 demonic crawlers
  3 kobold demonologists
  2 freezing wraiths
  25 jumping spiders
  2 tengu conjurers
  5 trolls
  3 tyrant leeches
  9 hornets
  A queen bee (D:11)
  15 blink frogs
  5 bog bodies (Swamp:2)
  9 dream sheep
  6 hippogriffs
  8 slime creatures
  43 redbacks
  21 tarantellas
  A spriggan (shapeshifter) (D:13)
  3 spriggans
  2 shadows
  48 yaks
  A vampire (D:13)
  3 wraiths
  4 basilisks
  8 wyverns
  2 fire elementals (Swamp:4)
  The ghost of Slunt the Poker, an amateur MfSk (D:4)
  15 vampire mosquitoes
  4 hungry ghosts
  4 steam dragons
  Edmund (D:6)
  8 insubstantial wisps
  3 wargs
  8 swamp worms
  19 soldier ants
  19 water moccasins
  4 hell hounds (Lair:6)
  11 swamp drakes
  9 porcupines
  5 sky beasts
  An ice beast (D:13)
  28 orc warriors
  2 necrophages
  3 black bears
  13 ogres
  A phantom (D:8)
  A wolf (Lair:2)
  14 centaurs
  22 crocodiles
  2 big kobolds
  2 wyvern zombies
  17 bullfrogs
  4 water moccasin zombies (Ossuary)
  4 scorpions
  25 killer bees (D:11)
  5 wights (D:10)
  A howler monkey (D:10)
  2 vampire bats (Lair:1)
  4 electric eels
  3 bullfrog zombies
  13 crimson imps
  4 centaur zombies
  7 hounds
  4 jellies
  4 lava snakes (Lair:6)
  2 quasits
  20 orc priests
  A bullfrog skeleton (D:9)
  2 iguanas
  24 orc wizards
  A spriggan simulacrum (IceCv)
  27 worker ants
  6 troll simulacra (IceCv)
  4 big kobold zombies (Ossuary)
  2 mummies (Ossuary)
  A worker ant zombie (D:10)
  A howler monkey skeleton (D:6)
  30 adders
  2 naga simulacra (IceCv)
  An ogre simulacrum (IceCv)
  4 shadow imps
  An adder zombie (Ossuary)
  An adder skeleton (D:6)
  9 worms
  6 dart slugs
  6 leopard geckos
  99 orcs
  10 bats
  5 giant cockroaches
  15 goblins
  12 hobgoblins
  7 jackals
  10 kobolds
  3 quokkas
  2 ball pythons
  5 frilled lizards
  6 hobgoblin zombies (Ossuary)
  2 kobold zombies (Ossuary)
  3 leopard gecko skeletons
  6 orc zombies (Ossuary)
  2 quokka zombies
  11 rats
  A fire vortex (Swamp:4)
  A fungus (Lair:5)
1072 creatures vanquished.

Vanquished Creatures (collateral kills)
  Snorg (Lair:6)
  An elephant (Lair:6)
2 creatures vanquished.

Vanquished Creatures (others)
  2 entropy weavers (Lair:6)
  4 two-headed ogres
  An ogre mage (D:11)
  2 alligators (Swamp:2)
  2 orc high priests (Orc:2)
  3 swamp dragons
  A lindwurm (Swamp:4)
  4 orc knights (Orc:2)
  A wolf spider zombie (D:15)
  4 oklob plants (Lair:6)
  A wolf spider (Spider:4)
  A cyclops (D:15)
  3 orc sorcerers (Orc:2)
  A spiny frog (Swamp:3)
  A kobold demonologist (Bailey)
  A troll (D:15)
  A tyrant leech (Swamp:4)
  A hippogriff (Lair:6)
  A redback (Spider:2)
  A spriggan (Swamp:1)
  A tarantella (Spider:3)
  2 yaks
  A steam dragon (Swamp:4)
  A soldier ant (Lair:6)
  A swamp worm (Swamp:3)
  3 swamp drakes (Swamp:4)
  15 orc warriors
  2 ogres (D:11)
  An electric eel (Lair:6)
  5 orc priests
  6 orc wizards
  An adder (Lair:4)
  9 orcs
  A goblin (Bailey)
  14 fungi
  19 plants
  8 starspawn tentacles
126 creatures vanquished.

Grand Total: 1200 creatures vanquished

Notes
Turn   | Place    | Note
-------+----------+-------------------------------------------
     0 | Abyss:1  | Slunt the Demonspawn Abyssal Knight began the quest for the Orb.
     0 | Abyss:1  | Reached XP level 1. HP: 18/18 MP: 2/2
    17 | D:1      | Escaped the Abyss
   245 | D:1      | Gained mutation: You have a pair of small horns on your head. [demonic ancestry]
   245 | D:1      | Reached XP level 2. HP: 17/24 MP: 3/3
   459 | D:1      | Reached ** piety under Lugonu
   667 | D:1      | Gained mutation: You are partially covered in sharp spines. [demonic ancestry]
   667 | D:1      | Reached XP level 3. HP: 27/29 MP: 4/4
  1224 | D:2      | Found a stormy altar of Qazlal.
  1533 | D:2      | Found a deep blue altar of Sif Muna.
  1533 | D:2      | Found a basalt altar of Yredelemnul.
  1537 | D:2      | Found a burning altar of Makhleb.
  1537 | D:2      | Found a glowing golden altar of the Shining One.
  1608 | D:3      | Reached XP level 4. HP: 32/37 MP: 5/5
  1617 | D:3      | Reached skill level 4 in Fighting
  1737 | D:3      | Gained mutation: You are surrounded by a mild repulsion field. (EV +2) [demonic ancestry]
  1737 | D:3      | Reached XP level 5. HP: 43/43 MP: 6/6
  1767 | D:3      | Reached skill level 5 in Fighting
  1829 | D:3      | Noticed a centaur
  2445 | D:3      | Killed a centaur
  2659 | D:3      | Reached skill level 6 in Fighting
  2719 | D:3      | Gained mutation: You are mostly covered in sharp spines. [demonic ancestry]
  2719 | D:3      | Reached XP level 6. HP: 52/52 MP: 7/7
  3055 | D:4      | Noticed Slunt's ghost (amateur MfSk)
  3074 | D:5      | Entered Level 5 of the Dungeon
  3084 | D:5      | Reached *** piety under Lugonu
  3312 | D:5      | Reached skill level 5 in Armour
  3312 | D:5      | Gained mutation: You have a pair of horns on your head. [demonic ancestry]
  3312 | D:5      | Reached XP level 7. HP: 44/58 MP: 8/8
  3474 | D:5      | Found Faeros's Distillery.
  3478 | D:5      | Bought a potion of might for 60 gold pieces
  3487 | D:5      | Found a shimmering altar of Xom.
  3488 | D:5      | Found a shimmering altar of Xom.
  3514 | D:5      | Found a shimmering altar of Xom.
  3525 | D:5      | You fall through a shaft!
  3541 | D:6      | Found a staircase to the Ecumenical Temple.
  3567 | D:6      | Reached skill level 5 in Maces & Flails
  3576 | D:6      | Gained mutation: You have a pair of large horns on your head. [demonic ancestry]
  3576 | D:6      | Reached XP level 8. HP: 62/64 MP: 9/9
  3972 | D:6      | Found a sand-covered staircase.
  4000 | Ossuary  | Entered an ossuary
  4006 | Ossuary  | Learned a level 2 spell: Blink
  4154 | Ossuary  | Reached **** piety under Lugonu
  4550 | D:6      | Noticed Edmund
  4560 | D:6      | Killed Edmund
  4749 | D:6      | Reached skill level 5 in Invocations
  5177 | D:7      | Gained mutation: You are slightly more attuned to the shadows. [demonic ancestry]
  5177 | D:7      | Reached XP level 9. HP: 66/71 MP: 13/13
  5476 | D:7      | Got a slimy jade amulet
  5479 | D:7      | Identified the amulet "Parutuol" {Spirit Str+5} (You found it on level 7 of the Dungeon)
  6068 | D:7      | Reached skill level 7 in Fighting
  6218 | D:8      | Reached skill level 8 in Fighting
  6358 | D:8      | Found Pampi's Magic Scroll Shop.
  6365 | D:8      | Bought a scroll of identify for 28 gold pieces
  6477 | D:8      | Found a shattered altar of Ashenzari.
  6943 | D:9      | Reached ***** piety under Lugonu
  6951 | D:9      | Noticed ThereIsNoGod's ghost (novice DrTm)
  7155 | D:9      | Noticed a two-headed ogre
  7162 | D:9      | Killed a two-headed ogre
  7162 | D:9      | Gained mutation: You are significantly more attuned to the shadows. [demonic ancestry]
  7162 | D:9      | Reached XP level 10. HP: 80/82 MP: 16/16
  7409 | D:9      | Found a transporter.
  7439 | D:9      | Found the +2 pair of boots of the Assassin {Detection Stab+ Stlth++}
  7610 | D:9      | HP: 3/82 [ThereIsNoGod's ghost (13)]
  8047 | D:9      | Found an iron altar of Okawaru.
  8081 | D:9      | Noticed a two-headed ogre
  8088 | D:9      | HP: 1/82 [ThereIsNoGod's ghost (8)]
  8481 | D:9      | Found a shadowy altar of Dithmenos.
  8509 | D:9      | Found a sparkling altar of Nemelex Xobeh.
  8535 | D:9      | Noticed Erolcha
  8545 | D:9      | Killed Erolcha
  8598 | D:9      | Noticed a two-headed ogre
  8605 | D:9      | Killed a two-headed ogre
  8605 | D:9      | Reached skill level 10 in Maces & Flails
  8808 | D:10     | Entered Level 10 of the Dungeon
  9341 | D:10     | Reached XP level 11. HP: 87/87 MP: 17/17
 10031 | D:4      | Killed Slunt's ghost
 10052 | D:4      | Found a white marble altar of Elyvilon.
 10407 | D:4      | Found a glowing silver altar of Zin.
 10702 | D:9      | Killed a two-headed ogre
 10860 | D:9      | Found a transporter.
 11014 | D:10     | Noticed a two-headed ogre
 11020 | D:10     | Killed a two-headed ogre
 11077 | D:10     | Got a jewelled dagger
 11083 | D:10     | Identified the +10 dagger of Offence {freeze, rN+ MP+9 Str+2} (You found it on level 10 of the Dungeon)
 11253 | D:10     | Noticed a two-headed ogre
 11258 | D:10     | Killed a two-headed ogre
 11267 | D:10     | Gained mutation: You are clumsy. (Dex -2) [potion of mutation]
 11267 | D:10     | Gained mutation: You are robust. (+10% HP) [potion of mutation]
 11267 | D:10     | Gained mutation: Your spells are a little harder to cast, but a little more powerful. [potion of mutation]
 11574 | D:10     | Learned a level 1 spell: Sandblast
 11578 | D:10     | Learned a level 2 spell: Passwall
 11584 | D:10     | Learned a level 5 spell: Lee's Rapid Deconstruction
 11682 | D:11     | Noticed a two-headed ogre
 11694 | D:11     | Killed a two-headed ogre
 11918 | D:11     | Found the +10 dark maul {crush}
 12321 | D:11     | Noticed a red ugly thing
 12329 | D:11     | Killed a red ugly thing
 12656 | D:11     | Noticed a two-headed ogre
 12658 | D:11     | Noticed an ogre mage
 12659 | D:11     | Noticed a two-headed ogre
 12665 | D:11     | Noticed a two-headed ogre
 12667 | D:11     | Noticed a two-headed ogre
 12668 | D:11     | Killed a two-headed ogre
 12670 | D:11     | Corrupted D:11
 12670 | D:11     | Noticed a thrashing horror
 12670 | D:11     | Noticed a large abomination
 12670 | D:11     | Noticed a shadow demon
 12671 | D:11     | Noticed a starcursed mass
 12671 | D:11     | Noticed a glowing orange brain
 12671 | D:11     | Noticed a starcursed mass
 12674 | D:11     | Noticed a lich
 12675 | D:11     | Killed a two-headed ogre
 12678 | D:11     | Killed a two-headed ogre
 12680 | D:11     | Killed a two-headed ogre
 12681 | D:11     | Killed an ogre mage
 12747 | D:11     | Noticed a green ugly thing
 12753 | D:11     | Killed a green ugly thing
 12811 | D:11     | Found a staircase to the Orcish Mines.
 12948 | D:11     | Noticed a two-headed ogre
 12955 | D:11     | Killed a two-headed ogre
 12955 | D:11     | Reached skill level 9 in Fighting
 12955 | D:11     | Gained mutation: You are surrounded by a moderate repulsion field. (EV +3) [demonic ancestry]
 12955 | D:11     | Reached XP level 12. HP: 79/104 MP: 12/18
 13022 | D:11     | Noticed Psyche
 13026 | D:11     | Killed Psyche
 13213 | D:11     | Noticed Sonja
 13238 | D:11     | Killed Sonja
 13238 | D:11     | Reached skill level 10 in Fighting
 13801 | D:11     | Found a staircase to the Lair.
 13828 | Lair:1   | Entered Level 1 of the Lair of Beasts
 14093 | Lair:1   | Reached skill level 11 in Fighting
 14428 | Lair:2   | Reached ****** piety under Lugonu
 14480 | Lair:2   | Found a hole to the Spider Nest.
 14648 | Lair:2   | Found a staircase to the Swamp.
 14895 | Lair:2   | Noticed an eight-headed hydra
 15141 | Lair:1   | Reached skill level 12 in Fighting
 15368 | Lair:2   | Banished an eight-headed hydra
 17205 | Lair:2   | Reached XP level 13. HP: 116/119 MP: 17/19
 17496 | Lair:3   | Noticed Gastronok
 18453 | Lair:4   | Lost mutation: You are robust. (+10% HP) [potion of mutation]
 18453 | Lair:4   | Lost mutation: You are clumsy. (Dex -2) [potion of mutation]
 18453 | Lair:4   | Gained mutation: You tend to lose your temper in combat. [potion of mutation]
 18453 | Lair:4   | Gained mutation: You are robust. (+10% HP) [potion of mutation]
 18453 | Lair:4   | Gained mutation: You are resistant to hostile enchantments. (MR+) [potion of mutation]
 18453 | Lair:4   | Gained mutation: You are covered in fur. (AC +1) [potion of mutation]
 18975 | Lair:5   | Reached skill level 10 in Armour
 19265 | Lair:5   | Reached skill level 1 in Crossbows
 19325 | Lair:5   | Found a viscous altar of Jiyva.
 19325 | Lair:5   | Found a staircase to the Slime Pits.
 19398 | Lair:5   | Reached skill level 1 in Dodging
 19828 | Lair:6   | Entered Level 6 of the Lair of Beasts
 20159 | D:12     | Found a shadowy altar of Dithmenos.
 20175 | D:12     | Found a frozen archway.
 20188 | IceCv    | Entered an ice cave
 20291 | IceCv    | Identified a scroll of acquirement
 20292 | IceCv    | Got an encrusted crystal plate armour
 20303 | IceCv    | Identified the +1 crystal plate armour of Shielding {Int+3} (You acquired it in an ice cave)
 21120 | IceCv    | Noticed an Ice Fiend
 21131 | IceCv    | Got a translucent demon blade
 21136 | IceCv    | Got a distressingly furry chain mail
 21226 | D:12     | Identified the +9 demon blade of Uhety {drain, Int+2 Dex+2 Stlth-} (You found it in an ice cave)
 21386 | D:12     | Identified the +8 chain mail of Oppyaw {rPois MR- Str+7} (You found it in an ice cave)
 21702 | D:12     | You fall through a shaft for 3 floors!
 21702 | D:15     | Entered Level 15 of the Dungeon
 21759 | D:13     | Reached XP level 14. HP: 127/127 MP: 20/20
 22080 | D:12     | Found Zippab's Distillery.
 22085 | D:12     | Bought a potion of might for 52 gold pieces
 22085 | D:12     | Bought a potion of haste for 130 gold pieces
 22813 | Lair:6   | Corrupted Lair:6
 22813 | Lair:6   | Noticed a tentacled monstrosity
 22813 | Lair:6   | Noticed a cacodemon
 22814 | Lair:6   | Noticed a tentacled starspawn
 22852 | Lair:6   | Noticed a tentacled starspawn
 23123 | Lair:6   | Noticed Snorg
 23142 | Lair:6   | Killed Snorg
 23520 | Lair:6   | Noticed an entropy weaver
 23528 | Lair:6   | Banished an entropy weaver
 23581 | Lair:6   | Noticed an entropy weaver
 23587 | Lair:6   | Banished an entropy weaver
 23608 | Lair:5   | Reached skill level 13 in Fighting
 24494 | Lair:5   | Identified a +2 dire flail of distortion (a +0 dire flail corrupted by Lugonu)
 24494 | Lair:5   | Received a gift from Lugonu
 24754 | Lair:6   | Found a large runed door.
 24754 | Lair:6   | Found a large runed door.
 24935 | Lair:6   | Got a clouded turquoise ring
 24936 | Lair:6   | Identified the ring "Deck" {rCorr rPois MP+9 Dex-4 SInv} (You acquired it on level 6 of the Lair of Beasts)
 25734 | D:12     | Reached skill level 14 in Fighting
 25822 | Orc:1    | Entered Level 1 of the Orcish Mines
 25897 | Orc:1    | Found Locs's Gadget Emporium.
 25909 | Orc:1    | Corrupted Orc:1
 25909 | Orc:1    | Noticed a tentacled starspawn
 25912 | Orc:1    | Noticed a tentacled monstrosity
 25913 | Orc:1    | Noticed a tentacled starspawn
 25960 | Orc:1    | Found a flagged portal.
 26016 | Bailey   | Entered a bailey
 26097 | Bailey   | Found an iron altar of Okawaru.
 26179 | Bailey   | Found the +4 robe of Augmentation {Str+4 Int+4 Dex+4}
 26184 | Bailey   | Got a colourful robe
 26979 | Orc:2    | Entered Level 2 of the Orcish Mines
 26979 | Orc:2    | Found a staircase to the Elven Halls.
 27037 | Orc:2    | Noticed an orc warlord
 27096 | Orc:1    | Killed an orc warlord
 27352 | Orc:2    | Found a roughly hewn altar of Beogh.
 27396 | Orc:2    | Reached XP level 15. HP: 100/138 MP: 21/21
 28510 | Orc:2    | Reached skill level 15 in Maces & Flails
 28706 | Orc:2    | Corrupted Orc:2
 28734 | Orc:2    | Noticed a tentacled starspawn
 28735 | Orc:2    | Found Erenume's Armour Boutique.
 28736 | Orc:2    | Found Doidgh's Distillery.
 28740 | Orc:2    | Noticed a purple draconian scorcher
 28745 | Orc:2    | Bought a potion of heal wounds for 75 gold pieces
 28745 | Orc:2    | Bought a potion of heal wounds for 75 gold pieces
 28745 | Orc:2    | Bought a potion of might for 60 gold pieces
 28745 | Orc:2    | Bought a potion of haste for 150 gold pieces
 28747 | Orc:2    | Found Zeoqoc's Book Shoppe.
 28752 | Orc:2    | Found Tuewol's Magic Scroll Boutique.
 28758 | Orc:2    | Bought a scroll of teleportation for 51 gold pieces
 28758 | Orc:2    | Bought a scroll of enchant weapon for 127 gold pieces
 28758 | Orc:2    | Bought a scroll of identify for 34 gold pieces
 28831 | Orc:2    | Found Qoeru's Book Shop.
 28832 | Orc:2    | Noticed Saint Roka
 28959 | Orc:2    | Killed Saint Roka
 29116 | Orc:2    | Bought a book of Summonings for 1050 gold pieces
 29119 | Orc:2    | Learned a level 2 spell: Call Imp
 29593 | D:13     | Found a gate to the Vaults.
 30394 | D:14     | Reached skill level 15 in Fighting
 31244 | D:15     | Found a staircase to the Depths.
 32080 | Swamp:1  | Entered Level 1 of the Swamp
 32098 | Swamp:1  | Noticed Donald
 32120 | Swamp:1  | Killed Donald
 32551 | Swamp:2  | Learned a level 1 spell: Summon Butterflies
 32553 | Swamp:2  | Reached XP level 16. HP: 143/149 MP: 22/22
 32561 | Swamp:2  | Reached skill level 1 in Spellcasting
 32653 | Swamp:2  | Reached skill level 5 in Crossbows
 33496 | Swamp:3  | Found Amote's Island Escapes.
 33583 | Swamp:3  | Bought a scroll of blinking for 97 gold pieces
 33583 | Swamp:3  | Bought a scroll of teleportation for 39 gold pieces
 33583 | Swamp:3  | Bought a potion of invisibility for 104 gold pieces
 33583 | Swamp:3  | Bought a scroll of teleportation for 39 gold pieces
 33605 | Swamp:4  | Entered Level 4 of the Swamp
 33672 | Swamp:4  | Learned a level 5 spell: Summon Demon
 34253 | Swamp:4  | Got a decaying rune of Zot
 34313 | Swamp:4  | Got a dazzling ring mail
 34314 | Swamp:4  | Identified the +10 ring mail "Fiat" {*Slow Slay+3 SInv} (You found it on level 4 of the Swamp)
 34429 | Spider:1 | Entered Level 1 of the Spider Nest
 34579 | Spider:1 | Noticed Nikola
 34857 | Spider:2 | Noticed Arachne
 35334 | Spider:2 | Reached skill level 10 in Crossbows
 37355 | Spider:3 | Reached XP level 17. HP: 148/156 MP: 23/23
 37720 | Spider:4 | Entered Level 4 of the Spider Nest
 38369 | Spider:4 | Noticed Roxanne
 38820 | Spider:4 | Reached skill level 16 in Fighting
 39114 | Spider:4 | Slain by a spark wasp

Vault maps used:
D:1:      eino_arrival_cavern_b, minmay_misc_feat_rugged
D:2:      grunt_temple_overflow_open, old_standard_altar
D:3:      first_ration
D:4:      lemuel_coloured_pillars_altar, elyvilon_altar_4
D:5:      xom_redecorated, serial_shops, nicolae_shop_trees
D:6:      kennysheep_steamy, minmay_temple_entry_large_hall, enter_ossuary_2,
          uniq_edmund
D:7:      statuecave_lemuel
D:8:      lemuel_doored_altar, serial_shops, shop
D:9:      gammafunk_cloud_chamber, okawaru_ov_weapons_minmay, marbit_many_paths,
          nemelex_xobeh_ov_fountains_minmay, uniq_erolcha
D:10:     kennysheep_windowed_halls, hangedman_pestilent_swarm
D:11:     lair_entry_dummy, orc_0_dummy, roderic_lattice_a,
          statue_in_the_mist_lemuel, minmay_item_behind_shaft,
          evilmike_butchery, uniq_sonja, uniq_psyche
D:12:     portal_ice_cave_entry_pillars_1, serial_shops, nicolae_shop_crystal,
          grunt_dithmenos_smoke
D:13:     david_vaults_1
D:14:     minmay_misc_feat_secret_circle, serial_park_tiny_pond
D:15:     hangedman_depths_entry_civil_slaughter, hangedman_decor_growths
Lair:1:   roderic_batcave
Lair:2:   minmay_swamp_entry_worms, nicolae_spider_entry_non_spiders,
          beast_lair_carwin_3
Lair:3:   special_room, nicolae_lair_grove_arrangements, grunt_megastairs_4,
          serial_bayou_shore_b, uniq_gastronok
Lair:4:   lemuel_reptile_caves
Lair:5:   dpeg_slime_entry_enclosed_altar, serial_bayou_shore_b,
          lemuel_fruit_tree
Lair:6:   cheibrodos_lair_end_hotspot, zaba_antful_of_joy,
          minmay_lair_oklob_chamber, infiniplex_staircase_pool, uniq_snorg
Swamp:1:  evilmike_swamp_ruin_house_1, uniq_donald
Swamp:2:  evilmike_swamp_ruin_rubble_1, lightli_tree_ring
Swamp:3:  hangedman_swamp_ruin_wall, nicolae_island_escapes
Swamp:4:  swamp_fiery
Spider:1: uniq_nikola
Spider:2: uniq_arachne
Spider:3: spiders_nest_hornet_nest
Spider:4: grunt_spider_rune_parallel, spider_trap, uniq_roxanne
Orc:1:    serial_shops, shop, enter_bailey_2, mines2_lemuel
Orc:2:    st_orc_elflike, basic_altar, serial_shops, nicolae_shop_stone,
          uniq_saint_roka
Ossuary:  ossuary_tomb_2
Bailey:   bailey_axe_of_yendor_kennysheep, bailey
IceCv:    ice_cave_tombish

Skill      XL: |  1  2  3  4  5  6  7  8  9 10 11 12 13 14 15 16 17 |
---------------+----------------------------------------------------+-----
Maces & Flails | 2 3 5 6 8 11 12 14 15 | 15.6
Fighting       | 4 6 8 9 12 14 15 16 | 16.1
Armour         | 5 9 11 12 14 | 14.1
Invocations    | 6 8 |  8.6
Crossbows      | 1 3 4 10 | 10.7
Dodging        | 3 |  3.6
Spellcasting   | 2 |  2.0
Summonings     | |  0.6

Action                   |  1- 3 |  4- 6 |  7- 9 | 10-12 | 13-15 | 16-18 || total
-------------------------+-------+-------+-------+-------+-------+-------++-------
Melee: Mace              |    91 |    96 |   120 |       |       |       ||   307
       Headbutt          |    14 |     9 |    47 |   118 |   328 |   118 ||   634
       Flail             |       |       |   104 |   567 |   485 |       ||  1156
       Morningstar       |       |       |       |     4 |   150 |       ||   154
       Dire flail        |       |       |       |       |   758 |   544 ||  1302
       Maul              |       |       |       |       |       |     5 ||     5
 Fire: Hand crossbow     |       |       |       |     5 |    26 |   140 ||   171
       Arbalest          |       |       |       |       |       |     9 ||     9
Throw: Tomahawk          |       |       |     5 |    13 |    19 |     1 ||    38
       Stone             |       |       |     1 |       |       |       ||     1
 Cast: Passwall          |       |       |       |       |     1 |       ||     1
Invok: Bend Space        |       |     2 |       |     1 |     2 |       ||     5
       Corrupt           |       |       |       |     1 |     3 |       ||     4
       Banish            |       |       |       |     1 |     8 |       ||     9
       Brand Weapon With |       |       |       |       |     1 |       ||     1
 Abil: Evoke Flight      |       |       |       |       |     1 |     1 ||     2
Evoke: Wand              |       |       |       |       |     2 |       ||     2
  Use: Scroll            |     3 |     2 |    18 |    12 |    17 |     3 ||    55
       Potion            |       |     4 |     9 |     9 |    16 |    12 ||    50
 Stab: Sleeping          |     1 |       |     1 |    16 |     5 |       ||    23
       Distracted        |       |       |     2 |     2 |       |       ||     4
       Petrified         |       |       |       |       |     1 |       ||     1
       Invisible         |       |       |       |       |       |     1 ||     1
  Eat: Ration            |     1 |     1 |     3 |    10 |    20 |     6 ||    41
       Chunk             |       |     2 |     1 |     5 |     1 |       ||     9
Armor: Leather armour    |    19 |     1 |       |       |       |       ||    20
       Ring mail         |       |    27 |    85 |   198 |    51 |     2 ||   363
       Skin              |       |       |       |     5 |     1 |       ||     6
       Crystal plate arm |       |       |       |       |   496 |   159 ||   655
       Chain mail        |       |       |       |       |   215 |   305 ||   520
       Troll leather arm |       |       |       |       |     4 |    17 ||    21
Dodge: Dodged            |    70 |    62 |   172 |   335 |   610 |   379 ||  1628

Table legend:
 A = Spawn XP
 B = Non-spawn XP
 C = Spawn XP percentage of total XP
 D = Spawn monster count
 E = Non-spawn monster count
 F = Spawn count percentage of total count
 G = Total turns spent on level
                    A         B        C        D         E        F      G
               +---------+---------+-------+---------+---------+-------+---------
         Total |       0 |  230202 |   0.0 |       0 |    1110 |   0.0 | 39114
               +---------+---------+-------+---------+---------+-------+---------
           D:1 |       0 |      50 |   0.0 |       0 |      27 |   0.0 |   938
           D:2 |       0 |      45 |   0.0 |       0 |      12 |   0.0 |   649
           D:3 |       0 |     277 |   0.0 |       0 |      29 |   0.0 |   839
           D:4 |       0 |     393 |   0.0 |       0 |      10 |   0.0 |  1125
           D:5 |       0 |     898 |   0.0 |       0 |      18 |   0.0 |   685
           D:6 |       0 |    1059 |   0.0 |       0 |      32 |   0.0 |  1443
           D:7 |       0 |     990 |   0.0 |       0 |      22 |   0.0 |   887
           D:8 |       0 |     993 |   0.0 |       0 |      17 |   0.0 |  1279
           D:9 |       0 |    5067 |   0.0 |       0 |      34 |   0.0 |  1687
          D:10 |       0 |    6553 |   0.0 |       0 |      56 |   0.0 |  1779
          D:11 |       0 |    9773 |   0.0 |       0 |      53 |   0.0 |  2418
          D:12 |       0 |    7569 |   0.0 |       0 |      31 |   0.0 |  1261
          D:13 |       0 |   10068 |   0.0 |       0 |      31 |   0.0 |   826
          D:14 |       0 |    6211 |   0.0 |       0 |      25 |   0.0 |   822
          D:15 |       0 |   16085 |   0.0 |       0 |      36 |   0.0 |   992
        Lair:1 |       0 |    3610 |   0.0 |       0 |      23 |   0.0 |  1286
        Lair:2 |       0 |    6665 |   0.0 |       0 |      38 |   0.0 |  2464
        Lair:3 |       0 |    3050 |   0.0 |       0 |      18 |   0.0 |   568
        Lair:4 |       0 |   11594 |   0.0 |       0 |      61 |   0.0 |  1777
        Lair:5 |       0 |    7393 |   0.0 |       0 |      31 |   0.0 |  1689
        Lair:6 |       0 |   24454 |   0.0 |       0 |      96 |   0.0 |  2664
       Swamp:1 |       0 |    4614 |   0.0 |       0 |       9 |   0.0 |   133
       Swamp:2 |       0 |    8575 |   0.0 |       0 |      24 |   0.0 |   515
       Swamp:3 |       0 |   10837 |   0.0 |       0 |      30 |   0.0 |   783
       Swamp:4 |       0 |   16610 |   0.0 |       0 |      40 |   0.0 |   740
      Spider:1 |       0 |    4217 |   0.0 |       0 |      17 |   0.0 |   275
      Spider:2 |       0 |   11206 |   0.0 |       0 |      30 |   0.0 |  1506
      Spider:3 |       0 |   17010 |   0.0 |       0 |      49 |   0.0 |  1510
      Spider:4 |       0 |   10715 |   0.0 |       0 |      32 |   0.0 |  1394
         Orc:1 |       0 |    3929 |   0.0 |       0 |      36 |   0.0 |   802
         Orc:2 |       0 |   11419 |   0.0 |       0 |      54 |   0.0 |  1167
       Ossuary |       0 |     474 |   0.0 |       0 |      25 |   0.0 |   352
        Bailey |       0 |    2565 |   0.0 |       0 |      41 |   0.0 |   810
         IceCv |       0 |    5234 |   0.0 |       0 |      23 |   0.0 |  1032
               +---------+---------+-------+---------+---------+-------+---------
